 Dungeon Crawl Stone Soup version 0.29-a0-668-g12ee2bf84d (webtiles) character file.

Game seed: 2245848323138055131

116 IdlyInterested the Skirmisher (level 4, -4/37 HPs)
             Began as a Demonspawn Fighter on June 23, 2022.
             Slain by an iguana (11 damage)
             ... on level 4 of the Dungeon.
             The game lasted 00:06:15 (2603 turns).

IdlyInterested the Skirmisher (Demonspawn Fighter)  Turns: 2603, Time: 00:06:16

Health: -4/37      AC: 15    Str: 16    XL:     4   Next: 70%
Magic:  4/4        EV:  4    Int: 15    God:
Gold:   185        SH:  0    Dex: 15    Spells: 3/3 levels left

rFire   . . .      SeeInvis .   a - +1 trident
rCold   . . .      Faith    .   (no shield)
rNeg    . . .      Spirit   .   p - +0 plate armour
rPois   .          Reflect  .   (no helmet)
rElec   .          Harm     .   f - +2 cloak
rCorr   .          Rampage  .   (no gloves)
Will    .....                   q - +0 pair of boots
Stlth   ..........              (no amulet)
HPRegen 0.12/turn               e - +6 ring of intelligence
MPRegen 0.09/turn               (no ring)

@: mighty
A: demonic touch 2
a: no special abilities


You were on level 4 of the Dungeon.
You visited 1 branch of the dungeon, and saw 4 of its levels.

You collected 185 gold pieces.

Inventory:

Hand Weapons
 a - a +1 trident (weapon)
Missiles
 b - 7 poisoned darts
 i - 2 boomerangs (quivered)
Armour
 f - a +2 cloak (worn)
 p - a +0 plate armour (worn)
 q - a +0 pair of boots (worn)
Jewellery
 e - a +6 ring of intelligence (left hand)
 h - an amulet of faith
Wands
 g - a wand of flame (20)
 k - a wand of paralysis (7)
Scrolls
 l - a scroll of teleportation
 n - a scroll of identify
Potions
 d - a potion of might
 j - a potion of curing
 m - a potion of lignification
 r - a potion of resistance


   Skills:
 - Level 4.0 Fighting
 + Level 2.6 Polearms
 + Level 3.2 Armour
 - Level 2.6 Shields
 * Level 1.7 Unarmed Combat


You had 3 spell levels left.
You didn't know any spells.
Your spell library contained the following spells:

 Spells                   Type           Power      Damage    Failure   Level
 Magic Dart               Conj           0%         1d3       100%        1
 Searing Ray              Conj           0%         2d4       100%        2
 Fulminant Prism          Conj/Hex       0%         3d6       100%        4


Dungeon Overview and Level Annotations

Branches:
Dungeon (4/15)
 Temple: D:4-7

Altars:
Cheibriados

Shops:
D:2 (


Innate Abilities, Weirdness & Mutations

Your touch may inflict irresistible damage on your foes.


Message History

An orc priest comes into view. It is wielding a +0 club.
An orc comes into view. It is wielding a +0 flail.
The orc priest shouts!
The orc hits you but does no damage.
You puncture the orc!
You kill the orc!
Things that are here:
a +0 club; a +0 leather armour; an orc corpse The orc hits you with a +0 trident.
You hit the orc.
The orc is moderately wounded.
The orc hits you but does no damage.
The orc priest calls down the wrath of Beogh upon you.
Beogh smites you!
You hear a shout!
You hit the orc. Your touch misses the orc.
The orc is severely wounded.
The orc hits you but does no damage.
The orc priest invokes the aid of Beogh against you.
Beogh smites you!
* * * LOW HITPOINT WARNING * * *
You feel much better. The orc barely misses you.
The iguana bites you but does no damage.
You feel very mighty all of a sudden. The orc hits you with a +0 trident.
The iguana bites you but does no damage.
A goblin comes into view. It is wielding a +0 club.
The orc priest mumbles some strange prayers to Beogh against you.
Beogh smites you!
You barely miss the orc.
The orc is severely wounded.
The orc barely misses you. The iguana bites you!
* * * LOW HITPOINT WARNING * * *
The orc wizard gestures wildly while chanting.
The orc wizard flickers and vanishes!
Deactivating autopickup; reactivate with Ctrl-A.
You hit the orc.
You kill the orc!
The iguana bites you!
You die...

.#### ...>#
.[..## .J..:
.... ..# #.
##.#
#.o######<.#
#.K.)@lJ..##
#go########
#.


You could see an iguana, a jelly, an orc priest, an orc, a goblin and a kobold.

Vanquished Creatures
  6 adders
  3 worms (D:2)
  A dart slug (D:1)
  2 orcs (D:4)
  7 bats
  2 endoplasms
  3 giant cockroaches (D:1)
  A goblin (D:2)
  3 hobgoblins
  7 jackals
  5 quokkas
  2 ball pythons (D:1)
  3 frilled lizards
  4 kobolds
  5 rats
54 creatures vanquished.

Notes
Turn   | Place    | Note
-------+----------+-------------------------------------------
     0 | D:1      | IdlyInterested the Demonspawn Fighter began the quest for
                  | the Orb.
     0 | D:1      | Reached XP level 1. HP: 18/18 MP: 1/1
   530 | D:1      | Found a faded altar of an unknown god.
   600 | D:1      | Gained mutation: Your touch may inflict minor irresistible
                  | damage on your foes. [demonic ancestry]
   600 | D:1      | Reached XP level 2. HP: 24/24 MP: 2/2
  1309 | D:2      | Reached XP level 3. HP: 29/29 MP: 3/3
  1456 | D:2      | Reached skill level 1 in Unarmed Combat
  1551 | D:2      | Gained mutation: Your touch may inflict irresistible damage
                  | on your foes. [demonic ancestry]
  1551 | D:2      | Reached XP level 4. HP: 37/37 MP: 4/4
  1599 | D:2      | Found Pocof's Weapon Boutique.
  2177 | D:3      | Reached skill level 4 in Fighting
  2229 | D:3      | Found a snail-covered altar of Cheibriados.
  2603 | D:4      | Slain by an iguana

Illustrated notes

Levels and vault maps discovered:
D:1:      roderic_octagonal_star, layout_basic,
          dreamdust_ecumenical_altar_sealed_demon
D:2:      minmay_wonky_spiral, layout_rooms, serial_shops, shop
D:3:      layout_basic, cheibriados_altar_1, grunt_decor_junction
D:4:      layout_layer_cave, mainiacjoe_overflow_catwalk

Skill      XL: |  1  2  3  4 |
---------------+-------------+-----
Polearms       | 2 |  2.6
Armour         | 3 |  3.2
Unarmed Combat | 1 |  1.7
Fighting       | 4 |  4.0
Shields        | |  2.6

Action                   |  1- 3 |  4- 6 || total
-------------------------+-------+-------++-------
Melee: Trident           |    84 |    53 ||   137
       Touch             |     7 |     7 ||    14
       Punch             |     1 |       ||     1
  Use: Scroll            |     5 |     4 ||     9
       Potion            |     1 |     2 ||     3
Armor: Scale mail        |    28 |       ||    28
       Chain mail        |    52 |    14 ||    66
       Plate armour      |       |    45 ||    45
Dodge: Dodged            |    31 |    18 ||    49
Block: Buckler           |     4 |       ||     4

Table legend: (Time is in decaauts)
 A = Elapsed time spent in this place.
 B = Non-inter-level travel time spent in this place.
 C = Inter-level travel time spent in this place.
 D = Time resting spent in this place.
 E = Time spent auto-exploring this place.
 F = Levels seen in this place.
 G = Mean time per level.
                   A        B        C        D        E       F      G
               +--------+--------+--------+--------+--------+-----+--------+
         Total |   2628 |   2490 |    138 |     26 |   1929 |   4 |  657.0 |
       Dungeon |   2628 |   2490 |    138 |     26 |   1929 |   4 |  657.0 |
               +--------+--------+--------+--------+--------+-----+--------+

Top non-repeatable levels by time:
     D:1: 1307 daAuts
     D:2: 692 daAuts
     D:3: 616 daAuts
     D:4: 11 daAuts
